 Dungeon Crawl Stone Soup version 0.30-a0-830-gfe289a77b0 (webtiles) character file.

Game seed: 11140854640631113833

45472 Newt the Markskobold (level 14, 0/86 HPs)
             Began as a Kobold Hunter on Feb 28, 2023.
             Was a High Priest of Hepliaklqana.
             Slain by a cane toad (13 damage)
             ... on level 5 of the Lair of Beasts.
             The game lasted 00:20:56 (16033 turns).

Newt the Markskobold (Kobold Hunter)               Turns: 16033, Time: 00:20:57

Health: 0/86       AC:  9    Str:  9    XL:     14   Next: 71%
Magic:  19/19      EV: 36    Int:  6    God:    Hepliaklqana [*****.]
Gold:   442        SH:  5    Dex: 29    Spells: 13/13 levels left

rFire   + . .      SeeInvis .    U - +6 sling (freeze)
rCold   . . .      Faith    .    (no shield)
rNeg    . . .      Spirit   .    P - +1 robe of the Lich-sworn {Harm +Blink Int-4 Dex+6}
rPois   .          Reflect  +    (no helmet)
rElec   .          Harm     +    E - +2 cloak
rCorr   +          Rampage  .    (no gloves)
Will    +....                    o - +2 pair of boots
Stlth   ++++                     w - amulet of reflection
HPRegen 0.34/turn                g - ring of Zisa {rCorr Slay+4}
MPRegen 0.16/turn                R - +5 ring of evasion

@: no status effects
A: reduced essence, small, no large weapons, nightstalker 3, fire resistance 1,
low MP 1
a: Renounce Religion, Evoke Blink, Recall Ancestor, Ancestor Identity,
Transference, Idealise


You were on level 5 of the Lair of Beasts.
You worshipped Hepliaklqana.
Hepliaklqana was extremely pleased with you.
You visited 2 branches of the dungeon, and saw 14 of its levels.
You also visited: Bailey.

You collected 938 gold pieces.
You spent 496 gold pieces at shops.

Inventory:

Hand Weapons
 a - a +2 shortbow of draining
 U - a +6 sling of freezing (weapon)
Armour
 j - a +3 leather armour of willpower
 o - a +2 pair of boots (worn)
 y - +0 steam dragon scales
 E - a +2 cloak (worn)
 I - a +2 chain mail of fire resistance
 P - the +1 robe of the Lich-sworn (worn) {Harm +Blink Int-4 Dex+6}
   (You found it on level 2 of the Lair of Beasts)

   Int:       It affects your intelligence (-4).
   Dex:       It affects your dexterity (+6).
   +Blink:    It lets you blink.
   Harm:      It increases damage dealt and taken.
 S - a +3 ring mail of cold resistance
Jewellery
 g - the ring of Zisa (left hand) {rCorr Slay+4}
   (You acquired it on level 3 of the Lair of Beasts)

   [ring of slaying]

   Slay:      It affects your accuracy & damage with ranged weapons and melee
   (+4).
   rCorr:     It protects you from acid and corrosion.
 h - an amulet of magic regeneration
 k - a +6 ring of strength
 r - a ring of flight
 s - a +6 ring of strength
 v - a ring of protection from cold
 w - an amulet of reflection (around neck)
 z - a +4 ring of protection
 K - a ring of protection from fire
 R - a +5 ring of evasion (right hand)
 V - a ring of poison resistance
Wands
 G - a wand of iceblast (16)
 H - a wand of acid (12)
 J - a wand of digging (1)
 T - a wand of charming (12)
Scrolls
 b - 2 scrolls of immolation
 c - 3 scrolls of identify
 f - 5 scrolls of blinking
 i - a scroll of fog
 m - 12 scrolls of teleportation
 u - 2 scrolls of fear
 A - 8 scrolls of amnesia
 D - a scroll of magic mapping
 F - 3 scrolls of enchant armour
 O - 2 scrolls of enchant weapon
Potions
 d - 4 potions of brilliance
 e - 3 potions of mutation
 l - a potion of heal wounds
 n - 2 potions of haste
 p - 4 potions of lignification
 q - 2 potions of ambrosia
 t - 3 potions of might
 x - 8 potions of curing
 B - a potion of berserk rage
 M - a potion of cancellation
 N - a potion of magic
 Q - 4 potions of invisibility


   Skills:
 - Level 14.0 Fighting
 - Level 16.0 Ranged Weapons
 - Level 3.0 Armour
 - Level 14.0 Dodging
 + Level 3.1 Stealth
 - Level 10.0 Invocations
 - Level 10.3 Evocations


You had 13 spell levels left.
You didn't know any spells.
Your spell library contained the following spells:

 Spells                   Type           Power      Damage    Failure   Level
 Apportation              Tloc           0%         N/A       45%         1
 Slow                     Hex            0%         N/A       45%         1
 Passwall                 Tmut/Erth      0%         N/A       58%         2
 Confusing Touch          Hex            0%         N/A       83%         3
 Frozen Ramparts          Ice            0%         1d1       83%         3
 Vampiric Draining        Necr           0%         2d6       83%         3
 Ice Form                 Ice/Tmut       0%         N/A       99%         4
 Summon Ice Beast         Ice/Summ       0%         N/A       99%         4
 Summon Lightning Spire   Summ/Air       0%         N/A       99%         4
 Alistair's Intoxication  Tmut/Pois      0%         N/A       100%        5
 Lightning Bolt           Conj/Air       0%         1d11      100%        5
 Conjure Ball Lightning   Conj/Air       0%         3x3d6     100%        6
 Iron Shot                Conj/Erth      0%         9d1       100%        6
 Storm Form               Tmut/Air       0%         N/A       100%        7
 Maxwell's Capacitive Co  Air            0%         ∞         100%        8


Dungeon Overview and Level Annotations

Branches:
Dungeon (9/15)             Temple (0/1) D:4            Lair (5/5) D:8
 Shoals (0/4) Lair:3       Spider (0/4) Lair:2        Slime (0/5) Lair:4
    Orc (0/2) D:9          Bailey (visited)

Altars:
Ashenzari
Cheibriados
Elyvilon
Hepliaklqana
Nemelex Xobeh
Xom
Yredelemnul
The Shining One
Jiyva

Shops:
D:3 [   D:9 =


Innate Abilities, Weirdness & Mutations

Your life essence is reduced to manifest your ancestor. (-10% HP)
You are small and have problems with some larger weapons.
You are completely attuned to the shadows.
Your flesh is heat resistant. (rF+)
Your magical capacity is low. (-10% MP)


Message History

You shoot a sling bullet. The sling bullet hits the yak!
The sling bullet freezes the yak.
The yak is severely wounded.
The yak completely misses you. You block the yak's attack. The yak misses you.
The yak completely misses you.
Okay, then.
You shoot a sling bullet. The sling bullet hits the yak!
The sling bullet freezes the yak.
You kill the yak!
Tochtli blocks the yak's attack.
The yak barely misses Tochtli.
The yak gores you!
* * * LOW HITPOINT WARNING * * *
You block the cane toad's attack.
Your Stealth skill increases to level 3!
You shoot a sling bullet. The sling bullet hits the cane toad.
The sling bullet freezes the cane toad.
The cane toad is heavily wounded.
The cane toad misses you. You block the yak's attack.
Tochtli blocks the yak's attack.
Blink to where?
Press: ? - help, Dir - move target, p - cane toad
As you read the scroll of blinking, it crumbles to dust.
You feel yourself speed up.
The cane toad stings Tochtli!!
Tochtli hits the yak with a +0 flail!
Tochtli blocks the yak's attack.
The yak barely misses Tochtli.
The cane toad stings Tochtli but does no damage.
Tochtli blocks something's attack.
The yak gores you but does no damage. The yak attacks as you move away!
The yak completely misses you. The yak attacks as you move away!
You block the yak's attack. The yak completely misses you.
The yak attacks as you move away! The yak closely misses you.
You hear the thunderous beating of a drum nearby.
The yak attacks as you move away! The yak barely misses you.
The cane toad completely misses you. The yak attacks as you move away!
The yak gores you.
* * * LOW HITPOINT WARNING * * *
The cane toad completely misses you.
There is a stone staircase leading up, spattered with blood here.
The yak closely misses you. The cane toad stings you!
You die...

,,** *** ##* #.........,,,,, ***
*,****##.####.........,,,,, **
*,,*,,....P###†.Y.....,,,,, ,*
***,,,,,................,,,,, ,*
*,,,,,,,.....††.........,,,,, ,**
**,,,,,,.........#......,,,,,
,,***,,,,,,,........#.......,,,,,
,,,*,,,,,,,,....†FY...#.....,,,,,
,,,,,,,,,,,,...†@YY..###...,,,,,,
*,,,,,,,,,,,...†.Y....#*#..,,,,,,
,,,,,,,,,,,,..........# *,,,,,,,,
,,,,,,,,,,,,..........# **,,,,,,,
,,,,,,,,,,,,..........* *,,,,,,,,
,,,,,,,,,,,,,,,,,,,,,** **,,,,,,,
,,,,,,,,,,,,,,,,,,,,,* ****,,,,
,,,,,,,,,,,,,,,,,,**** ***,*
,,,,,,,,,,,,,,,,,,,,*********,*,,


You could see 4 yaks and a cane toad.

Vanquished Creatures
  An orc warlord (Bailey)
  2 hydras
  A catoblepas (Lair:3)
  9 death yaks
  A skyshark (Lair:5)
  2 oklob plants (Lair:4)
  9 elephants (Lair:3)
  4 black mambas
  10 cane toads
  6 komodo dragons
  Maggie (D:5)
  A polar bear (Lair:3)
  A snapping turtle (Lair:3)
  13 blink frogs
  A jumping spider (Lair:2)
  Sigmund (D:6)
  2 culicivoras (Lair:2)
  5 wyverns
  3 steam dragons
  2 basilisks
  20 yaks
  Grum (D:8)
  Eustachio (D:5)
  A redback (Lair:2)
  8 water moccasins
  5 orc warriors
  3 sky beasts
  A black bear (D:7)
  4 ice beasts
  11 wolves
  2 ogres
  11 bullfrogs
  A scorpion (D:4)
  A necrophage (D:8)
  3 wights (D:8)
  7 killer bees (D:9)
  6 electric eels
  4 howler monkeys
  3 lava snakes (Lair:3)
  An iron imp (D:8)
  2 hounds (D:6)
  4 orc priests
  A gnoll bouda (D:7)
  6 iguanas
  2 jellies
  Jessica (D:2)
  8 orc wizards
  7 adders
  3 gnolls (D:7)
  3 shadow imps
  3 white imps
  An ufetubus (D:7)
  3 worms
  2 dart slugs
  31 orcs
  6 endoplasms
  A giant cockroach (D:1)
  15 goblins
  9 hobgoblins
  4 jackals
  4 quokkas
  4 ball pythons
  5 bats
  4 frilled lizards
  16 kobolds
  5 rats
319 creatures vanquished.

Vanquished Creatures (collateral kills)
  Kirke (Lair:3)
  A death yak (D:7)
  3 elephants (Lair:3)
  A black mamba (Lair:1)
  2 cane toads
  2 komodo dragons (Lair:2)
  A polar bear (Lair:3)
  A blink frog (Lair:1)
  4 yaks
  2 water moccasins
  3 orc warriors
  2 ice beasts
  2 centaurs
  2 wolves
  A kobold brigand (D:7)
  A bullfrog (Lair:2)
  2 wights (D:8)
  2 killer bees (D:9)
  3 orc wizards
  A gnoll (Bailey)
  A white imp (D:6)
  An ufetubus (D:6)
  9 orcs
  4 kobolds
52 creatures vanquished.

Vanquished Creatures (others)
  A human (Lair:4)
  6 knights
  9 fungi
  7 plants
  2 withered plants (Lair:5)
25 creatures vanquished.

Grand Total: 396 creatures vanquished

Notes
Turn   | Place    | Note
-------+----------+-------------------------------------------
     0 | D:1      | Newt the Kobold Hunter began the quest for the Orb.
     0 | D:1      | Reached XP level 1. HP: 12/12 MP: 1/1
     2 | D:1      | Noticed a meteoran
     2 | D:1      | Noticed a spriggan
     4 | D:1      | Noticed a minotaur
     4 | D:1      | Noticed a vine stalker
     6 | D:1      | Noticed a naga
     6 | D:1      | Noticed a demonspawn
     8 | D:1      | Noticed an octopode
     8 | D:1      | Noticed a formicid
    10 | D:1      | Noticed a merfolk
    12 | D:1      | Noticed a human
    12 | D:1      | Noticed an armataur
    14 | D:1      | Noticed a draconian
    14 | D:1      | Noticed an ogre
    16 | D:1      | Noticed a tengu
    18 | D:1      | Noticed a troll
    18 | D:1      | Noticed a gargoyle
    20 | D:1      | Noticed a ghoul
    22 | D:1      | Noticed a felid
    22 | D:1      | Noticed an elf
    24 | D:1      | Noticed a demigod
    24 | D:1      | Noticed a tengu
    27 | D:1      | Noticed an armataur
    27 | D:1      | Noticed a gargoyle
    74 | D:1      | Reached XP level 2. HP: 18/18 MP: 2/2
   181 | D:1      | Found a faded altar of an unknown god.
   480 | D:1      | Reached XP level 3. HP: 23/23 MP: 3/3
   806 | D:2      | Noticed Jessica
   811 | D:2      | Killed Jessica
   812 | D:2      | Reached XP level 4. HP: 27/30 MP: 4/4
   900 | D:2      | Found a broken altar of Ashenzari.
  1466 | D:2      | Reached skill level 5 in Fighting
  2037 | D:3      | Found a shimmering altar of Xom.
  2069 | D:3      | Found Wytuh's Antique Armour Shoppe.
  2075 | D:3      | Bought a runed leather armour for 100 gold pieces
  2156 | D:3      | Reached skill level 6 in Ranged Weapons
  2156 | D:3      | Reached XP level 5. HP: 15/35 MP: 5/5
  3084 | D:4      | Reached skill level 7 in Ranged Weapons
  3084 | D:4      | Reached XP level 6. HP: 19/40 MP: 6/6
  3193 | D:4      | Got the Volume of Scree and Austromancy
  3531 | D:4      | Found a white marble altar of Elyvilon.
  3531 | D:4      | Found a hazy altar of Hepliaklqana.
  3595 | D:4      | Reached skill level 8 in Ranged Weapons
  3616 | D:4      | Became a worshipper of Hepliaklqana the Forgotten
  3807 | D:4      | Found a staircase to the Ecumenical Temple.
  3857 | D:5      | Entered Level 5 of the Dungeon
  3945 | D:5      | Noticed an ice beast
  3959 | D:5      | Reached XP level 7. HP: 36/44 MP: 7/7
  3964 | D:5      | Reached skill level 9 in Ranged Weapons
  4150 | D:6      | Reached skill level 10 in Ranged Weapons
  4809 | D:5      | Reached XP level 8. HP: 49/49 MP: 8/8
  4905 | D:5      | Noticed Eustachio
  4912 | D:5      | Killed Eustachio
  4913 | D:5      | Reached skill level 5 in Dodging
  5230 | D:6      | Noticed Maggie
  5230 | D:6      | Noticed Sigmund
  5285 | D:5      | Killed Maggie
  5557 | D:6      | Killed Sigmund
  5558 | D:6      | Reached XP level 9. HP: 39/54 MP: 9/9
  5622 | D:6      | Reached * piety under Hepliaklqana
  5696 | D:6      | Found a sparkling altar of Nemelex Xobeh.
  5766 | D:6      | Reached skill level 11 in Ranged Weapons
  5940 | D:6      | Found a glowing golden altar of the Shining One.
  6177 | D:6      | Reached skill level 12 in Ranged Weapons
  6264 | D:6      | Reached skill level 13 in Ranged Weapons
  6820 | D:7      | Reached ** piety under Hepliaklqana
  6821 | D:7      | Remembered your ancestor Tochtli as a knight
  6824 | D:7      | Identified the +6 falchion of the Globe {heavy, Will+}
  7095 | D:7      | Gained mutation: Your body sometimes deteriorates upon
                  | taking damage. [potion of mutation]
  7096 | D:7      | Lost mutation: Your body sometimes deteriorates upon taking
                  | damage. [potion of mutation]
  7096 | D:7      | Gained mutation: Your flesh is heat resistant. (rF+)
                  | [potion of mutation]
  7096 | D:7      | Gained mutation: Your magical capacity is low. (-10% MP)
                  | [potion of mutation]
  7195 | D:7      | Found a basalt altar of Yredelemnul.
  7624 | D:7      | Reached skill level 14 in Ranged Weapons
  7667 | D:7      | Reached XP level 10. HP: 54/54 MP: 9/9
  8072 | D:8      | Found a snail-covered altar of Cheibriados.
  8091 | D:8      | Noticed a death yak
  8208 | D:8      | Noticed a death yak
  8208 | D:8      | Noticed a death yak
  8208 | D:8      | Noticed a death yak
  8252 | D:8      | Noticed a death yak
  8267 | D:8      | Killed a death yak
  8268 | D:8      | Reached skill level 1 in Evocations
  8308 | D:7      | Killed a death yak
  8757 | D:8      | Reached skill level 5 in Evocations
  8803 | D:8      | Reached skill level 1 in Invocations
  8846 | D:8      | Noticed Grum
  8855 | D:8      | Killed Grum
  8865 | D:8      | Found a staircase to the Lair.
  9152 | D:8      | Reached XP level 11. HP: 53/61 MP: 12/12
  9211 | D:8      | Noticed a death yak
  9225 | D:8      | Killed a death yak
  9226 | D:8      | Reached skill level 5 in Invocations
  9237 | D:8      | Killed a death yak
  9238 | D:8      | Killed a death yak
  9242 | D:8      | Killed a death yak
  9243 | D:8      | Reached skill level 15 in Ranged Weapons
  9562 | D:9      | Found a flagged portal.
  9562 | D:9      | Reached *** piety under Hepliaklqana
  9593 | Bailey   | Entered a bailey
  9608 | Bailey   | Noticed an orc warlord
  9670 | Bailey   | Found a runed translucent gate.
  9670 | Bailey   | Found a runed translucent gate.
  9697 | Bailey   | Found a runed translucent gate.
  9868 | Bailey   | Killed an orc warlord
  9869 | Bailey   | Reached skill level 16 in Ranged Weapons
  9951 | D:9      | Reached skill level 10 in Fighting
  9951 | D:9      | Reached skill level 10 in Evocations
  9951 | D:9      | Reached XP level 12. HP: 70/70 MP: 14/14
  9977 | D:9      | Found Keyseonesm's Jewellery Shop.
  9980 | D:9      | Bought a +5 ring of evasion for 396 gold pieces
 10538 | D:9      | Found a staircase to the Orcish Mines.
 10694 | Lair:1   | Entered Level 1 of the Lair of Beasts
 10804 | Lair:1   | Reached **** piety under Hepliaklqana
 10867 | Lair:1   | Reached XP level 13. HP: 75/75 MP: 15/15
 11651 | Lair:2   | Identified the +1 robe of the Lich-sworn {Harm +Blink Int-4
                  | Dex+6}
 11907 | Lair:2   | Noticed an eight-headed hydra
 11917 | Lair:2   | Killed an eight-headed hydra
 12396 | Lair:2   | Reached ***** piety under Hepliaklqana
 12717 | Lair:2   | Found a hole to the Spider Nest.
 13237 | Lair:3   | Noticed a catoblepas
 13246 | Lair:3   | Killed a catoblepas
 13247 | Lair:3   | Reached skill level 10 in Dodging
 13550 | Lair:3   | Found a staircase to the Shoals.
 13741 | Lair:3   | Reached XP level 14. HP: 86/86 MP: 18/18
 13745 | Lair:3   | Identified a scroll of acquirement
 13745 | Lair:3   | Acquired the ring of Zisa {rCorr Slay+4}
 14327 | Lair:4   | Noticed Kirke
 14547 | Lair:3   | Killed Kirke
 14548 | Lair:3   | Reached skill level 10 in Invocations
 14872 | Lair:4   | Found a viscous altar of Jiyva.
 14878 | Lair:4   | Found a staircase to the Slime Pits.
 15824 | Lair:5   | Entered Level 5 of the Lair of Beasts
 16033 | Lair:5   | Slain by a cane toad

Illustrated notes

Levels and vault maps discovered:
D:1:      kb_arrival_jail, layout_loops_ring, hellmonk_ecumenical_altar_run_dry,
          st_stairs_1, chequers_serial_rivers_small_3
D:2:      layout_basic, basic_altar, uniq_jessica
D:3:      layout_rooms, mainiacjoe_overflow_alcove_4, serial_shops,
          nicolae_shop_competitors_out_of_business
D:4:      layout_loops_ring, nicolae_overflow_two_pavilions,
          minmay_temple_entry_metal_lava, minivault_1, corner_web_ring,
          chequers_arboretum
D:5:      layout_rooms, uniq_eustachio
D:6:      minmay_bubble_buster, layout_basic,
          mainiacjoe_overflow_catch_the_wave, hangedman_abyss_or_decor_stabs,
          uniq_maggie, uniq_sigmund
D:7:      layout_basic, yredelemnul_altar_generic
D:8:      layout_loops_ring, slow_altar_1, dpeg_lair_monsters, uniq_grum
D:9:      layout_gridville, david_orc_2, enter_bailey_5, serial_shops,
          kennysheep_mini
Lair:1:   layout_roguey
Lair:2:   layout_cave_pods, spider_nest_entry_funnel_web, grunt_megastairs_5,
          infiniplex_staircase_pool_2, lemuel_fruit_tree
Lair:3:   layout_roguey, minmay_shoals_entry_hut, nicolae_lair_liquid_snakes,
          serial_bayou_shore_a
Lair:4:   layout_regular_city, minmay_slime_entry_oklob_enclosed, uniq_kirke
Lair:5:   due_jungle_book, layout_cave_pods, gauntlet_entry_generic

Skill      XL: |  1  2  3  4  5  6  7  8  9 10 11 12 13 14 |
---------------+-------------------------------------------+-----
Fighting       | 3 4 5 6 8 10 11 14 | 14.0
Ranged Weapons | 6 7 8 10 14 16 | 16.0
Dodging        | 4 8 10 14 | 14.0
Armour         | 3 |  3.0
Evocations     | 6 10 | 10.3
Invocations    | 3 6 9 10 | 10.0
Stealth        | 3 |  3.1

Action                     |  1- 3 |  4- 6 |  7- 9 | 10-12 | 13-15 || total
---------------------------+-------+-------+-------+-------+-------++-------
  Melee: Unarmed           |       |       |       |       |    12 ||    12
   Fire: Shortbow          |    54 |   154 |   283 |   363 |    65 ||   919
         Sling             |       |       |       |       |   446 ||   446
 Invoke: Ancestor Life: Kn |       |       |     1 |       |       ||     1
         Recall Ancestor   |       |       |       |     1 |     1 ||     2
         Idealise          |       |       |       |       |     1 ||     1
         Transference      |       |       |       |       |     1 ||     1
  Evoke: Wand              |       |       |       |     7 |       ||     7
    Use: Scroll            |     3 |     7 |     9 |     4 |    13 ||    36
         Potion            |       |     3 |     3 |     2 |       ||     8
 Armour: Leather armour    |     5 |    16 |    24 |    24 |     5 ||    74
         Robe              |       |       |       |       |    17 ||    17
  Dodge: Dodged            |    30 |    91 |    90 |    87 |   270 ||   568
  Block: Other             |       |       |     8 |    21 |    51 ||    80
         Reflection        |       |       |     1 |     2 |       ||     3

Table legend: (Time is in decaauts)
 A = Elapsed time spent in this place.
 B = Non-inter-level travel time spent in this place.
 C = Inter-level travel time spent in this place.
 D = Time resting spent in this place.
 E = Time spent auto-exploring this place.
 F = Levels seen in this place.
 G = Mean time per level.
                   A        B        C        D        E       F      G
               +--------+--------+--------+--------+--------+-----+--------+
         Total |  15880 |  15221 |    659 |   2631 |  10463 |  15 | 1058.7 |
       Dungeon |  10325 |   9866 |    459 |   2118 |   6378 |   9 | 1147.2 |
          Lair |   5227 |   5027 |    200 |    487 |   3886 |   5 | 1045.4 |
        Bailey |    327 |    327 |      0 |     26 |    198 |   1 |  327.0 |
               +--------+--------+--------+--------+--------+-----+--------+

Top non-repeatable levels by time:
     D:6: 2000 daAuts
  Lair:2: 1505 daAuts
     D:7: 1492 daAuts
  Lair:3: 1395 daAuts
  Lair:4: 1348 daAuts
     D:8: 1228 daAuts
     D:2: 1220 daAuts
     D:4: 951 daAuts
     D:3: 930 daAuts
     D:5: 888 daAuts
  Lair:1: 882 daAuts
     D:1: 811 daAuts
     D:9: 803 daAuts
  Bailey: 327 daAuts
  Lair:5: 96 daAuts
